 Dungeon Crawl Stone Soup version 0.28.0-1-gb440e238dd (webtiles) character file.

Game seed: 15151110367927102673

121 Edwards80 the Slasher (level 4, 0/40 HPs)
             Began as a Minotaur Berserker on Feb 20, 2022.
             Was a Believer of Trog.
             Slain by Grinder (2 damage)
             ... on level 3 of the Dungeon.
             The game lasted 00:04:40 (2136 turns).

Edwards80 the Slasher (Minotaur Berserker)          Turns: 2136, Time: 00:04:41

Health: 0/40       AC:  6    Str: 24    XL:     4   Next: 76%
Magic:  3/3        EV: 10    Int:  4    God:    Trog [**....]
Gold:   54         SH:  5    Dex:  9    Spells: 3/3 levels left

rFire   . . .      SeeInvis .   a - +0 long sword
rCold   . . .      Faith    .   (no shield)
rNeg    . . .      Spirit   .   c - +0 scale mail
rPois   .          Reflect  +   (helmet restricted)
rElec   .          Harm     .   (no cloak)
rCorr   .          Rampage  .   (no gloves)
Will    .....                   (no boots)
Stlth   ..........              g - amulet of reflection
HPRegen 0.13/turn               (no ring)
MPRegen 0.08/turn               (no ring)

@: slowed, very slow
A: horns 2, retaliatory headbutt
a: Renounce Religion, Berserk, Trog's Hand


You were on level 3 of the Dungeon.
You worshipped Trog.
Trog was pleased with you.
You visited 1 branch of the dungeon, and saw 3 of its levels.

You collected 114 gold pieces.
You spent 60 gold pieces at shops.

Inventory:

Hand Weapons
 a - a +0 long sword (weapon)
Armour
 c - a +0 scale mail (worn)
Jewellery
 g - an amulet of reflection (around neck)
Scrolls
 b - a scroll of enchant armour
 f - a scroll of immolation {unknown}
 h - a scroll of silence
Potions
 d - a potion of haste
 e - a potion of attraction
 i - 2 potions of heal wounds


   Skills:
 - Level 3.8 Fighting
 + Level 6.3 Long Blades
 - Level 2.7 Armour
 - Level 2.4 Dodging


You had 3 spell levels left.
You didn't know any spells.
Your spell library was empty.

Dungeon Overview and Level Annotations

Branches:
Dungeon (3/15)

Altars:

Shops:
D:2 =[*::

Annotations:
D:3 Grinder


Innate Abilities, Weirdness & Mutations

You have a pair of horns on your head.
You reflexively headbutt those who attack you in melee.


Message History

Jessica points at you and mumbles some strange words.
You feel yourself slow down.
You slash Jessica!
You kill Jessica!
Trog accepts your kill.
Trog appreciates your killing of a magic user.
Grinder hits you but does no damage.
Your Long Blades skill increases to level 6!
You hit Grinder. Your headbutt misses Grinder.
Grinder is lightly wounded.
Grinder hits you but does no damage.
You slash Grinder!
Grinder is moderately wounded.
Grinder closely misses you. Grinder hits you.
You barely miss Grinder.
Grinder is moderately wounded.
Grinder closely misses you. You furiously retaliate!
You headbutt Grinder! You block Grinder's attack.
You hit Grinder but do no damage. Your headbutt misses Grinder.
Grinder is severely wounded.
Grinder gestures at you.
You suddenly lose the ability to move!
Grinder gestures at you.
You shrug off the repeated paralysis!
Grinder grins, showing sharp teeth.
Grinder gestures at you. Pain shoots through your body!
Grinder hits you but does no damage. Grinder hits you.
You writhe in agony.
* * * LOW HITPOINT WARNING * * *
Grinder gestures at you. Pain shoots through your body!
* * * LOW HITPOINT WARNING * * *
You can move again.
You barely miss Grinder. Your headbutt misses Grinder.
Grinder is severely wounded.
Grinder hits you.
* * * LOW HITPOINT WARNING * * *
Grinder hits you.
You die...

...##......... #..
#............. ...
###.###.#....... ...
..#.##.......... #.##
#.#.#..#........ ...
#.#.#.##........ #.##
#.#...##........
#..###....###.......^
#..@5.)### ##.....<.
#####..# ##......
#..## ####### .....
.......@ ...........
............
..5..........
..............


You could see Grinder.

Vanquished Creatures
  Jessica (D:3)
  5 adders
  A worm (D:2)
  2 ball pythons (D:2)
  3 endoplasms
  3 giant cockroaches
  3 hobgoblins (D:1)
  2 jackals (D:2)
  2 quokkas
  6 bats
  6 frilled lizards
  3 goblins (D:1)
  7 kobolds
  6 rats
50 creatures vanquished.

Notes
Turn   | Place    | Note
-------+----------+-------------------------------------------
     0 | D:1      | Edwards80 the Minotaur Berserker began the quest for the
                  | Orb.
     0 | D:1      | Reached XP level 1. HP: 19/19 MP: 0/0
   188 | D:1      | Reached XP level 2. HP: 26/27 MP: 1/1
   304 | D:1      | Reached skill level 4 in Long Blades
   348 | D:1      | Found a faded altar of an unknown god.
   805 | D:2      | Reached XP level 3. HP: 33/33 MP: 2/2
   834 | D:2      | Reached ** piety under Trog
   878 | D:2      | Found Kaixteh's Book Shop.
   923 | D:2      | Found Gecexkor's General Store.
   981 | D:2      | Bought 3 scrolls of identify for 60 gold pieces
   994 | D:2      | Found Eruy's Jewellery Shoppe.
   995 | D:2      | Found Keisiesm's Antique Armour Boutique.
  1006 | D:2      | Reached skill level 5 in Long Blades
  1313 | D:2      | Reached XP level 4. HP: 39/40 MP: 3/3
  1389 | D:2      | Found Tofeisue's Book Shop.
  2110 | D:3      | Noticed Grinder
  2110 | D:3      | Noticed Jessica
  2126 | D:3      | Killed Jessica
  2127 | D:3      | Reached skill level 6 in Long Blades
  2130 | D:3      | Paralysed by Grinder for 6 turns
  2136 | D:3      | HP: 2/40 [Grinder (3)]
  2136 | D:3      | Slain by Grinder

Illustrated notes

Levels and vault maps discovered:
D:1:      lightli_arrival_statuegarden, layout_rooms,
          shapermc_ecumenical_altar_mp_ritualfount
D:2:      layout_loops_ring, serial_shops, shop, shop, shop,
          nicolae_shop_statue_plus, nicolae_shop_window_shopping,
          serial_co_window_serial, co_window_of_opportunity_a,
          co_window_corner_a, co_window_cross_1, co_window_paths_a,
          co_window_paths_a, co_window_paths_b, co_window_of_opportunity_a,
          co_window_corner_b, co_window_corner_ca, co_window_of_opportunity_b,
          co_window_2corner, co_window_paths_c, co_window_corner_cb,
          glass_columns_c, glass_columns_a, glass_columns_a, glass_columns_a
D:3:      layout_rooms, uniq_sigmund, uniq_robin, uniq_grinder, uniq_jessica,
          uniq_terence

Skill      XL: |  1  2  3  4 |
---------------+-------------+-----
Long Blades    | 4 5 6 |  6.3
Fighting       | |  3.8
Armour         | |  2.7
Dodging        | |  2.4

Action                   |  1- 3 |  4- 6 || total
-------------------------+-------+-------++-------
Melee: Falchion          |    25 |       ||    25
       Headbutt          |    11 |     1 ||    12
       Long sword        |    61 |    33 ||    94
  Use: Scroll            |     3 |     2 ||     5
Armor: Animal skin       |     2 |       ||     2
       Scale mail        |    27 |    11 ||    38
Dodge: Dodged            |    49 |    14 ||    63
Block: Other             |     9 |     2 ||    11
